TOP OF THE 1ST |
Philadelphia (APP) Phillies batting - Pitching for Kingsport Mets : RHP Sandro Fibonacci
|
Pitching: RHP Sandro Fibonacci
|
|
Batting: LHB Matt Urbanek
|
0-0: Ball 1-0: Foul Ball, location: 2F 1-1: TRIPLE (Flyball, 89XD, EV 105.0 MPH)
|
Batting: RHB Tony Perez
|
0-0: Ball 1-0: Called Strike 1-1: Swinging Strike 1-2: Ground out 4-3 (Groundball, 4, EV 86.9 MPH) Matt Urbanek scores
|
Batting: LHB Joel Moore
|
0-0: Ground out 6-3 (Groundball, 6M, EV 105.6 MPH)
|
Batting: RHB Allen Gravel
|
0-0: Called Strike 0-1: Ball 1-1: Ball 2-1: Ball 3-1: Fly out, F7 (Flyball, 7, EV 86.2 MPH)
|
Top of the 1st over - 1 run, 1 hit, 0 errors, 0 left on base; Philadelphia (APP) 1 - Kingsport 0 |
BOTTOM OF THE 1ST |
Kingsport Mets batting - Pitching for Philadelphia (APP) Phillies : LHP Cesar Andrade
|
Pitching: LHP Cesar Andrade
|
|
Batting: LHB Jeremy Moorehead
|
0-0: Called Strike 0-1: Ball 1-1: Ball 2-1: Foul Ball, location: 2F 2-2: Ball 3-2: Ground out 3-1 (Groundball, 34, EV 102.5 MPH)
|
Batting: RHB Andy Carrell
|
0-0: Ball 1-0: Called Strike 1-1: Fly out, F9 (Flyball, 89M, EV 88.1 MPH)
|
Batting: SHB Nick Daigle
|
0-0: Called Strike 0-1: TRIPLE (Flyball, 89D, EV 91.2 MPH)
|
Batting: LHB Dan Bremseth
|
0-0: Ball 1-0: Ball 2-0: Fly out, F2 (Popup, 25F, EV 88.8 MPH)
|
Bottom of the 1st over - 0 runs, 1 hit, 0 errors, 1 left on base; Philadelphia (APP) 1 - Kingsport 0 |
TOP OF THE 2ND |
Philadelphia (APP) Phillies batting - Pitching for Kingsport Mets : RHP Sandro Fibonacci
|
Batting: RHB Trent Hedrick
|
0-0: Ball 1-0: Ball 2-0: Fly out, F8 (Flyball, 8LD, EV 97.5 MPH)
|
Batting: RHB Mike Bell
|
0-0: Foul Ball, location: 2F 0-1: Foul Ball, location: 2F 0-2: Ground out 4-3 (Groundball, 4M, EV 108.8 MPH)
|
Batting: RHB Zach Slot
|
0-0: Foul Ball, location: 2F 0-1: Swinging Strike 0-2: Foul Ball, location: 2F 0-2: Ball 1-2: Ball 2-2: Foul Ball, location: 2F 2-2: Ball 3-2: Foul Ball, location: 2F 3-2: Foul Ball, location: 2F 3-2: Base on Balls
|
Batting: RHB Guan-pei Gao
|
0-0: DOUBLE (Line Drive, 89D, EV 105.6 MPH) Zach Slot to third
|
Batting: RHB Lee Wright
|
0-0: Ball 1-0: Ball 2-0: Called Strike 2-1: Reached on error, E5 (Groundball, 56S, EV 81.9 MPH) Zach Slot scores Guan-pei Gao to third
|
Batting: LHB Matt Urbanek
|
0-0: Ball Wild Pitch! Guan-pei Gao scores Lee Wright to second 1-0: Ball Passed Ball! Lee Wright to third 2-0: Foul Ball, location: 2F 2-1: Foul Ball, location: 2F 2-2: DOUBLE (Line Drive, 9LM, EV 100.6 MPH) Lee Wright scores
|
Batting: RHB Tony Perez
|
0-0: Ball Passed Ball! Matt Urbanek to third 1-0: Called Strike 1-1: Ground out 1-3 (Groundball, 13S, EV 66.2 MPH)
|
Top of the 2nd over - 3 runs, 2 hits, 1 error, 1 left on base; Philadelphia (APP) 4 - Kingsport 0 |
BOTTOM OF THE 2ND |
Kingsport Mets batting - Pitching for Philadelphia (APP) Phillies : LHP Cesar Andrade
|
Batting: LHB Miguel Ramos
|
0-0: Called Strike 0-1: Called Strike 0-2: Strikes out looking
|
Batting: LHB Matt Baker
|
0-0: Ball 1-0: SINGLE (Groundball, 56, EV 105.0 MPH)
|
Batting: LHB Jason Jones
|
0-0: Ball 1-0: Grounds into double play, 4-6-3 (Groundball, 4, EV 109.4 MPH)
|
Bottom of the 2nd over - 0 runs, 1 hit, 0 errors, 0 left on base; Philadelphia (APP) 4 - Kingsport 0 |
TOP OF THE 3RD |
Philadelphia (APP) Phillies batting - Pitching for Kingsport Mets : RHP Sandro Fibonacci
|
Batting: LHB Joel Moore
|
0-0: Ball 1-0: Fly out, F8 (Flyball, 8LD, EV 86.2 MPH)
|
Batting: RHB Allen Gravel
|
0-0: Called Strike 0-1: Called Strike 0-2: Foul Ball, location: 2F 0-2: Ball 1-2: Ball 2-2: DOUBLE (Line Drive, 78D, EV 103.8 MPH)
|
Batting: RHB Trent Hedrick
|
0-0: Ball Passed Ball! Allen Gravel to third 1-0: Ball 2-0: SINGLE (Line Drive, 5D, EV 94.4 MPH) Allen Gravel scores
|
Batting: RHB Mike Bell
|
0-0: Called Strike 0-1: Swinging Strike 0-2: Fielders Choice at 2nd, 6-4 (Groundball, 6, EV 91.2 MPH)
|
Batting: RHB Zach Slot
|
0-0: Ball Mike Bell steals 2nd base 1-0: Ball Wild Pitch! Mike Bell to third 2-0: Called Strike 2-1: Foul Ball, location: 2F 2-2: Ball Passed Ball! Mike Bell scores 3-2: Foul Ball, location: 2F 3-2: Base on Balls
|
Batting: RHB Guan-pei Gao
|
0-0: Fielders Choice at 2nd, U6 (Groundball, 6M, EV 85.6 MPH)
|
Top of the 3rd over - 2 runs, 2 hits, 0 errors, 1 left on base; Philadelphia (APP) 6 - Kingsport 0 |
BOTTOM OF THE 3RD |
Kingsport Mets batting - Pitching for Philadelphia (APP) Phillies : LHP Cesar Andrade
|
Batting: RHB Chris Graham
|
0-0: Called Strike 0-1: Called Strike 0-2: Ball 1-2: Foul Ball, location: 2F 1-2: Ball 2-2: Foul Ball, location: 2F 2-2: Ball 3-2: Base on Balls
|
Batting: RHB Roberto Delgado
|
0-0: Fly out, F9 (Flyball, 89M, EV 90.6 MPH)
|
Batting: LHB Jeremy Moorehead
|
0-0: Ball 1-0: Ball 2-0: Foul Ball, location: 2F 2-1: Swinging Strike 2-2: Ball 3-2: Base on Balls Chris Graham to second
|
Batting: RHB Andy Carrell
|
0-0: Ball 1-0: Foul Ball, location: 2F 1-1: Ball 2-1: SINGLE (Groundball, 25, EV 73.1 MPH) (infield hit) Chris Graham to third Jeremy Moorehead to second
|
Batting: SHB Nick Daigle
|
0-0: Ball 1-0: Ball 2-0: Swinging Strike 2-1: Fly out, F3 (Popup, 23F, EV 88.8 MPH)
|
Batting: LHB Dan Bremseth
|
0-0: Foul Ball, location: 2F 0-1: Ball 1-1: SINGLE (Line Drive, 8LS, EV 93.1 MPH) Chris Graham scores Jeremy Moorehead to third Andy Carrell to second Throwing error, E8 Jeremy Moorehead scores Andy Carrell to third Dan Bremseth to second
|
Batting: LHB Miguel Ramos
|
0-0: Called Strike 0-1: Ball 1-1: Swinging Strike 1-2: Ball 2-2: Ground out 6-3 (Groundball, 4M, EV 103.8 MPH)
|
Bottom of the 3rd over - 2 runs, 2 hits, 1 error, 2 left on base; Philadelphia (APP) 6 - Kingsport 2 |
TOP OF THE 4TH |
Philadelphia (APP) Phillies batting - Pitching for Kingsport Mets : RHP Sandro Fibonacci
|
Batting: RHB Lee Wright
|
0-0: Ball 1-0: Foul Ball, location: 2F 1-1: Foul Ball, location: 2F 1-2: Ball 2-2: Fly out, F7 (Flyball, 7LM, EV 108.1 MPH)
|
Batting: LHB Matt Urbanek
|
0-0: Ball 1-0: Ball 2-0: Ball 3-0: Called Strike 3-1: Swinging Strike 3-2: Base on Balls
|
Batting: RHB Tony Perez
|
0-0: Called Strike 0-1: Called Strike 0-2: Strikes out looking
|
Batting: LHB Joel Moore
|
0-0: Ball Passed Ball! Matt Urbanek to second 1-0: Foul Ball, location: 2F 1-1: Ball 2-1: Foul Ball, location: 2F 2-2: Ball 3-2: Foul Ball, location: 2F 3-2: Base on Balls
|
Batting: RHB Allen Gravel
|
0-0: Called Strike 0-1: Called Strike 0-2: Ball Wild Pitch! Matt Urbanek to third Joel Moore to second 1-2: Foul Ball, location: 2F 1-2: Ball 2-2: Ball 3-2: Base on Balls
|
Batting: RHB Trent Hedrick
|
0-0: Called Strike 0-1: Ball Wild Pitch! Matt Urbanek scores Joel Moore to third Allen Gravel to second 1-1: Ball 2-1: Ball 3-1: Ground out 6-3 (Groundball, 6, EV 102.5 MPH)
|
Top of the 4th over - 1 run, 0 hits, 0 errors, 2 left on base; Philadelphia (APP) 7 - Kingsport 2 |
BOTTOM OF THE 4TH |
Kingsport Mets batting - Pitching for Philadelphia (APP) Phillies : LHP Cesar Andrade
|
Batting: LHB Matt Baker
|
0-0: Ground out 6-3 (Groundball, 6, EV 80.0 MPH)
|
Batting: LHB Jason Jones
|
0-0: Foul Ball, location: 2F 0-1: Foul Ball, location: 2F 0-2: Ball 1-2: Ball 2-2: Foul Ball, location: 2F 2-2: Strikes out swinging
|
Batting: RHB Chris Graham
|
0-0: Ball 1-0: Ball 2-0: SINGLE (Groundball, 34S, EV 65.6 MPH) (infield hit)
|
Batting: RHB Roberto Delgado
|
0-0: Ball 1-0: Foul Ball, location: 2F 1-1: Ball 2-1: Foul Ball, location: 2F 2-2: Ball 3-2: Foul Ball, location: 2F 3-2: Strikes out looking
|
Bottom of the 4th over - 0 runs, 1 hit, 0 errors, 1 left on base; Philadelphia (APP) 7 - Kingsport 2 |
TOP OF THE 5TH |
Philadelphia (APP) Phillies batting - Pitching for Kingsport Mets : RHP Sandro Fibonacci
|
Batting: RHB Mike Bell
|
0-0: Ball 1-0: Ball 2-0: SINGLE (Groundball, 56S, EV 68.8 MPH) (infield hit)
|
Pitching: RHP Pat Sprague
|
|
Pinch Runner at 1st Gary Sampson:
|
|
Batting: RHB Zach Slot
|
0-0: Ball 1-0: Ball 2-0: Called Strike 2-1: Foul Ball, location: 2F 2-2: Strikes out swinging
|
Batting: RHB Guan-pei Gao
|
0-0: Ball Gary Sampson is caught stealing 2nd base 2-4 1-0: SINGLE (Flyball, 56D, EV 83.8 MPH)
|
Batting: RHB Lee Wright
|
0-0: Foul Ball, location: 2F 0-1: Swinging Strike 0-2: Foul Ball, location: 2F 0-2: Ball 1-2: Strikes out swinging
|
Top of the 5th over - 0 runs, 2 hits, 0 errors, 1 left on base; Philadelphia (APP) 7 - Kingsport 2 |
BOTTOM OF THE 5TH |
Kingsport Mets batting - Pitching for Philadelphia (APP) Phillies : LHP Cesar Andrade
|
Now at SS: Gary Sampson
|
|
Batting: LHB Jeremy Moorehead
|
0-0: Ball 1-0: Ball 2-0: Called Strike 2-1: Swinging Strike 2-2: Ball 3-2: Strikes out looking
|
Pitching: LHP Marty de la Rosa
|
|
Batting: RHB Andy Carrell
|
0-0: Called Strike 0-1: Foul Ball, location: 2F 0-2: Ball 1-2: Ball 2-2: Strikes out swinging
|
Batting: SHB Nick Daigle
|
0-0: Called Strike 0-1: Swinging Strike 0-2: Strikes out swinging
|
Bottom of the 5th over - 0 runs, 0 hits, 0 errors, 0 left on base; Philadelphia (APP) 7 - Kingsport 2 |
TOP OF THE 6TH |
Philadelphia (APP) Phillies batting - Pitching for Kingsport Mets : RHP Pat Sprague
|
Batting: LHB Matt Urbanek
|
0-0: Ball 1-0: Ball 2-0: Called Strike 2-1: Ball 3-1: Foul Ball, location: 2F 3-2: Base on Balls
|
Pitching: RHP Antonio Reyes
|
|
Batting: RHB Tony Perez
|
0-0: Called Strike 0-1: Ball Passed Ball! Matt Urbanek to second 1-1: Foul Ball, location: 2F 1-2: Ball Wild Pitch! Matt Urbanek to third 2-2: Ground out 4-3 (Groundball, 4S, EV 88.8 MPH) Matt Urbanek scores
|
Batting: LHB Joel Moore
|
0-0: SINGLE (Groundball, 4MS, EV 68.1 MPH) (infield hit)
|
Batting: RHB Allen Gravel
|
0-0: Swinging Strike 0-1: Foul Ball, location: 2F 0-2: Foul Ball, location: 2F 0-2: Ball 1-2: SINGLE (Groundball, 56D, EV 108.8 MPH) Joel Moore to second
|
Batting: RHB Trent Hedrick
|
0-0: Called Strike 0-1: Foul Ball, location: 2F 0-2: Grounds into double play, 6-4-3 (Groundball, 6, EV 101.9 MPH)
|
Top of the 6th over - 1 run, 2 hits, 0 errors, 1 left on base; Philadelphia (APP) 8 - Kingsport 2 |
BOTTOM OF THE 6TH |
Kingsport Mets batting - Pitching for Philadelphia (APP) Phillies : LHP Marty de la Rosa
|
Batting: LHB Dan Bremseth
|
0-0: Called Strike 0-1: Called Strike 0-2: SOLO HOME RUN (Flyball, 9D, EV 98.1 MPH), Distance : 373 ft
|
Batting: LHB Miguel Ramos
|
0-0: Called Strike 0-1: Foul Ball, location: 2F 0-2: Ball 1-2: Ball 2-2: Strikes out swinging
|
Batting: LHB Matt Baker
|
0-0: Ball 1-0: Called Strike 1-1: Foul Ball, location: 2F 1-2: Ball 2-2: Strikes out swinging
|
Batting: LHB Jason Jones
|
0-0: Called Strike 0-1: Called Strike 0-2: Ball 1-2: Ball 2-2: Ball 3-2: Strikes out looking
|
Bottom of the 6th over - 1 run, 1 hit, 0 errors, 0 left on base; Philadelphia (APP) 8 - Kingsport 3 |
TOP OF THE 7TH |
Philadelphia (APP) Phillies batting - Pitching for Kingsport Mets : RHP Antonio Reyes
|
Batting: RHB Gary Sampson
|
0-0: Ball 1-0: Ball 2-0: Foul Ball, location: 2F 2-1: Ball 3-1: Called Strike 3-2: Base on Balls
|
Pitching: RHP Kyle Moser
|
|
Batting: RHB Zach Slot
|
0-0: SINGLE (Groundball, 6MD, EV 100.6 MPH) Gary Sampson to second
|
Batting: RHB Guan-pei Gao
|
0-0: Called Strike 0-1: Ball 1-1: Foul Ball, location: 2F 1-2: 3-RUN HOME RUN (Line Drive, 78XD, EV 110.0 MPH), Distance : 406 ft
|
Batting: RHB Lee Wright
|
0-0: Ball 1-0: Called Strike 1-1: Fly out, F5 (Line Drive, 56, EV 63.1 MPH)
|
Pinch Hitting: LHB Jesse Haught
|
0-0: Called Strike 0-1: Ball 1-1: Ball 2-1: Foul Ball, location: 2F 2-2: Ball 3-2: SINGLE (Groundball, 4D, EV 101.9 MPH)
|
Batting: RHB Tony Perez
|
0-0: Ball 1-0: Ball 2-0: Called Strike 2-1: Swinging Strike 2-2: Foul Ball, location: 2F 2-2: Ball Passed Ball! Jesse Haught to second 3-2: Base on Balls
|
Pitching: LHP Matt Allert
|
|
Batting: LHB Joel Moore
|
0-0: Foul Ball, location: 2F 0-1: Fielders Choice at 2nd, 3-6 (Groundball, 34S, EV 79.4 MPH) Jesse Haught to third
|
Batting: RHB Allen Gravel
|
0-0: Ball Passed Ball! Jesse Haught scores Joel Moore to second 1-0: Called Strike 1-1: Swinging Strike 1-2: Foul Ball, location: 2F 1-2: Ball Wild Pitch! Joel Moore to third 2-2: Ball Wild Pitch! Joel Moore scores 3-2: Foul Ball, location: 2F 3-2: Foul Ball, location: 2F 3-2: Base on Balls
|
Pinch Hitting: LHB Emilio Ortez
|
0-0: Ball 1-0: Ball Passed Ball! Allen Gravel to second 2-0: Foul Ball, location: 2F 2-1: Swinging Strike 2-2: Fly out, F2 (Popup, 25F, EV 94.4 MPH)
|
Top of the 7th over - 5 runs, 3 hits, 0 errors, 1 left on base; Philadelphia (APP) 13 - Kingsport 3 |
BOTTOM OF THE 7TH |
Kingsport Mets batting - Pitching for Philadelphia (APP) Phillies : LHP Marty de la Rosa
|
Now at 1B: Emilio Ortez
|
|
Now in RF: Jesse Haught
|
|
Batting: RHB Chris Graham
|
0-0: Called Strike 0-1: Ball 1-1: SINGLE (Groundball, 6MD, EV 103.1 MPH)
|
Batting: RHB Roberto Delgado
|
0-0: Ball Balk! Chris Graham to second 1-0: SINGLE (Popup, 6MD, EV 44.4 MPH) Chris Graham to third
|
Batting: LHB Jeremy Moorehead
|
0-0: Called Strike 0-1: Swinging Strike 0-2: Ball 1-2: Strikes out swinging
|
Batting: RHB Andy Carrell
|
0-0: Called Strike 0-1: Swinging Strike 0-2: Ball 1-2: Ball 2-2: Strikes out swinging
|
Batting: SHB Nick Daigle
|
0-0: Ball 1-0: Ball 2-0: Ball 3-0: Base on Balls Roberto Delgado to second
|
Batting: LHB Dan Bremseth
|
0-0: GRAND SLAM HOME RUN (Flyball, 9D, EV 96.2 MPH), Distance : 369 ft
|
Pitching: RHP Tony Ferreira
|
|
Batting: LHB Miguel Ramos
|
0-0: Ball 1-0: Ground out 4-3 (Groundball, 4, EV 80.6 MPH)
|
Bottom of the 7th over - 4 runs, 3 hits, 0 errors, 0 left on base; Philadelphia (APP) 13 - Kingsport 7 |
TOP OF THE 8TH |
Philadelphia (APP) Phillies batting - Pitching for Kingsport Mets : LHP Matt Allert
|
Batting: RHB Gary Sampson
|
0-0: Ball 1-0: Ball 2-0: Foul Ball, location: 2F 2-1: Fly out, F9 (Flyball, 89S, EV 85.0 MPH)
|
Pitching: RHP Rob Fennell
|
|
Batting: RHB Zach Slot
|
0-0: Ball 1-0: SOLO HOME RUN (Flyball, 78XD, EV 106.9 MPH), Distance : 398 ft
|
Batting: RHB Guan-pei Gao
|
0-0: Ball 1-0: Ball 2-0: Ball 3-0: Called Strike 3-1: Base on Balls
|
Batting: RHB Lee Wright
|
0-0: Ball 1-0: Ball Passed Ball! Guan-pei Gao to second 2-0: Ball Passed Ball! Guan-pei Gao to third 3-0: Called Strike 3-1: Foul Ball, location: 2F 3-2: SINGLE (Line Drive, 56, EV 95.0 MPH) Guan-pei Gao scores
|
Batting: LHB Jesse Haught
|
0-0: Ball 1-0: Ball Passed Ball! Lee Wright to second 2-0: Ball Passed Ball! Lee Wright to third 3-0: Called Strike 3-1: Called Strike 3-2: Fly out, F9 (Flyball, 9S, EV 82.5 MPH)
|
Pitching: LHP Tony Diaz
|
|
Batting: RHB Tony Perez
|
0-0: Ball Passed Ball! Lee Wright scores 1-0: Ball 2-0: Ball 3-0: Called Strike 3-1: Foul Ball, location: 2F 3-2: Base on Balls
|
Batting: LHB Joel Moore
|
0-0: Ball 1-0: Called Strike 1-1: Ball Wild Pitch! Tony Perez to second 2-1: Ground out 6-3 (Groundball, 6MS, EV 76.9 MPH)
|
Top of the 8th over - 3 runs, 2 hits, 0 errors, 1 left on base; Philadelphia (APP) 16 - Kingsport 7 |
BOTTOM OF THE 8TH |
Kingsport Mets batting - Pitching for Philadelphia (APP) Phillies : RHP Tony Ferreira
|
Batting: LHB Matt Baker
|
0-0: Called Strike 0-1: Ball 1-1: Called Strike 1-2: Ball 2-2: Ground out 6-3 (Groundball, 6, EV 86.9 MPH)
|
Batting: LHB Jason Jones
|
0-0: Ball 1-0: Ball 2-0: Called Strike 2-1: Ball 3-1: Swinging Strike 3-2: Strikes out swinging
|
Batting: RHB Chris Graham
|
0-0: Ball 1-0: Called Strike 1-1: Ball 2-1: Ball 3-1: Fly out, F7 (Flyball, 7, EV 90.6 MPH)
|
Bottom of the 8th over - 0 runs, 0 hits, 0 errors, 0 left on base; Philadelphia (APP) 16 - Kingsport 7 |
TOP OF THE 9TH |
Philadelphia (APP) Phillies batting - Pitching for Kingsport Mets : LHP Tony Diaz
|
Batting: RHB Allen Gravel
|
0-0: Foul Ball, location: 2F 0-1: Ball 1-1: Ball 2-1: Foul Ball, location: 2F 2-2: SOLO HOME RUN (Flyball, 9LD, EV 90.6 MPH), Distance : 337 ft
|
Batting: LHB Emilio Ortez
|
0-0: Ball 1-0: Foul Ball, location: 2RF, Error on foul ball, E2 1-1: Foul Ball, location: 2F 1-2: Strikes out swinging
|
Pitching: RHP Warren Carmichael
|
|
Batting: RHB Gary Sampson
|
0-0: DOUBLE (Flyball, 8RXD, EV 93.1 MPH)
|
Batting: RHB Zach Slot
|
0-0: Ball Passed Ball! Gary Sampson to third 1-0: Ball 2-0: Foul Ball, location: 2F 2-1: Ball 3-1: Base on Balls
|
Batting: RHB Guan-pei Gao
|
0-0: Called Strike 0-1: Ball Passed Ball! Gary Sampson scores Zach Slot to second 1-1: Ball Wild Pitch! Zach Slot to third 2-1: Ball 3-1: Base on Balls
|
Batting: RHB Lee Wright
|
0-0: Ball Passed Ball! Zach Slot scores Guan-pei Gao to second 1-0: Ground out 5-3 (Groundball, 56, EV 85.6 MPH)
|
Batting: LHB Jesse Haught
|
0-0: Called Strike 0-1: Foul Ball, location: 2F 0-2: Ball Wild Pitch! Guan-pei Gao to third 1-2: Foul Ball, location: 2F 1-2: Hit by Pitch
|
Batting: RHB Tony Perez
|
0-0: Ground out 2-3 (Groundball, 15S, EV 75.0 MPH)
|
Top of the 9th over - 3 runs, 2 hits, 1 error, 2 left on base; Philadelphia (APP) 19 - Kingsport 7 |
BOTTOM OF THE 9TH |
Kingsport Mets batting - Pitching for Philadelphia (APP) Phillies : RHP Tony Ferreira
|
Batting: RHB Roberto Delgado
|
0-0: Ball 1-0: Called Strike 1-1: Swinging Strike 1-2: Strikes out swinging
|
Batting: LHB Jeremy Moorehead
|
0-0: Ball 1-0: Foul Ball, location: 2F 1-1: Ball 2-1: Ground out 5-3 (Groundball, 5, EV 104.4 MPH)
|
Batting: RHB Andy Carrell
|
0-0: SINGLE (Groundball, 6MD, EV 95.6 MPH)
|
Batting: SHB Nick Daigle
|
0-0: Ball 1-0: Ball 2-0: Ball 3-0: Base on Balls Andy Carrell to second
|
Batting: LHB Dan Bremseth
|
0-0: Ball 1-0: Fielders Choice at 2nd, 5-4 (Groundball, 5, EV 90.6 MPH)
|
Bottom of the 9th over - 0 runs, 1 hit, 0 errors, 2 left on base; Philadelphia (APP) 19 - Kingsport 7 |
|